AoeStats
← Quiniela Lopez

Black Forest

509162652Analyzed
2v2 RM · 7d ago on Sep 25, 2026· 71m 37s· 4 players
Game mode
Random Map
Map size
Medium (4 player)
Population
200
Speed
Normal
Resources
Standard
Victory
Conquest
Starting age
Dark Age
Ending age
Imperial Age
RankedLock teamsTeams togetherTeam positionsShared explorationLock speedFull tech treeHidden civsTurbo modeCheats
Victory
Defeat
🇦🇷 Britons · Argentina
668
+17
🇦🇷 Persians · Argentina
656
+17
🇺🇸 Britons · United States
690
-17
🇺🇸 Lithuanians · United States
674
-17
Quiniela Lopez
2:40 Loom
16:21 Feudal Age
18:47 Wheelbarrow
24:35 Castle Age
23:36 Fletching
23:47 Padded Archer Armor
23:48 Stone Mining
23:49 Gold Mining
28:03 Bodkin Arrow
28:23 Leather Archer Armor
31:41 Ballistics
31:34 Fortified Wall
32:52 Double-Bit Axe
32:51 Horse Collar
34:28 Hand Cart
38:27 Imperial Age
39:46 Yeomen
42:00 Elite Longbowman
45:33 Gold Shaft Mining
47:51 Ring Archer Armor
47:21 Bracer
48:25 Chemistry
53:29 Caravan
59:17 Heavy Scorpion
AcerateBobcat83
1:05 Loom
11:01 Feudal Age
12:33 Double-Bit Axe
18:01 Castle Age
17:45 Wheelbarrow
19:29 Horse Collar
20:05 Bow Saw
24:53 Gold Mining
24:56 Stone Mining
25:07 Heavy Plow
26:06 Caravan
27:14 Hand Cart
28:06 Gold Shaft Mining
28:08 Stone Shaft Mining
32:43 Imperial Age
32:16 Town Watch
32:40 Elite War Elephant
34:46 Two-Man Saw
33:51 Town Patrol
36:51 Crop Rotation
37:40 Scale Barding Armor
37:37 Scale Mail Armor
37:28 Fletching
44:48 Chain Barding Armor
44:44 Chain Mail Armor
44:24 Bodkin Arrow
48:57 Bodkin Arrow
49:32 Plate Mail Armor
49:38 Plate Barding Armor
50:30 Forging
49:49 Heavy Scorpion
59:46 Iron Casting
59:11 Padded Archer Armor
61:54 Chemistry
61:14 Ballistics
61:06 Masonry
60:51 Murder Holes
marshaLL
6:14 Loom
11:49 Feudal Age
13:16 Wheelbarrow
12:32 Horse Collar
21:31 Castle Age
23:45 Hand Cart
24:58 Double-Bit Axe
25:23 Heavy Plow
25:40 Fletching
25:50 Padded Archer Armor
26:03 Bloodlines
25:54 Husbandry
26:05 Gold Mining
27:41 Bow Saw
29:29 Elite Skirmisher
32:07 Thumb Ring
33:08 Ballistics
32:49 Bodkin Arrow
33:09 Leather Archer Armor
34:49 Town Watch
38:33 Imperial Age
36:25 Scale Barding Armor
36:30 Forging
36:36 Forging
38:23 Chain Barding Armor
38:38 Iron Casting
38:07 Town Patrol
40:37 Chemistry
39:37 Murder Holes
40:23 Conscription
39:53 Pikeman
40:34 Squires
41:43 Halberdier
43:10 Plate Barding Armor
42:57 Bracer
43:27 Ring Archer Armor
43:50 Ring Archer Armor
43:58 Scale Mail Armor
44:38 Elite Leitis
47:33 Chain Mail Armor
49:21 Tower Shields
49:52 Husbandry
51:39 Hill Forts
EarthWormArod
12:23 Feudal Age
14:29 Man-at-Arms
16:39 Double-Bit Axe
17:24 Arson
19:49 Stone Mining
19:55 Gold Mining
22:25 Horse Collar
24:49 Castle Age
26:23 Long Swordsman
26:29 Crossbowman
30:02 Gold Shaft Mining
31:27 Wheelbarrow
31:59 Bow Saw
32:04 Caravan
32:07 Heavy Plow
33:21 Ballistics
38:37 Imperial Age
35:56 Treadmill Crane
38:02 Hand Cart
38:08 Padded Archer Armor
37:59 Fletching
39:09 Leather Archer Armor
43:05 Scale Mail Armor
43:36 Ring Archer Armor
43:01 Bodkin Arrow
44:27 Two-Man Saw
44:02 Squires
43:23 Pikeman
46:15 Bracer
46:26 Forging
46:33 Chain Mail Armor
46:30 Elite Longbowman
47:07 Halberdier
51:13 Chemistry
53:24 Arrowslits
53:49 Town Watch
54:46 Iron Casting
54:42 Plate Mail Armor
55:46 Warwolf
56:09 Conscription
57:54 Yeomen
67:31 Blast Furnace
66:02 Two-Handed Swordsman
66:28 Gambesons
67:09 Gambesons
68:59 Champion
Connection lost

Rejoining the realm…

Still unreachable

The connection could not be restored.

Session expired

The server has moved on; the page needs a fresh start.